AoeStats
← TPE-床上小旋風

Black Forest

505188068Analyzed
4v4 RM · 24d ago on Sep 8, 2026· 51m 28s· 8 players
Game mode
Random Map
Map size
Large (8 player)
Population
200
Speed
Normal
Resources
Standard
Victory
Conquest
Starting age
Dark Age
Ending age
Imperial Age
RankedLock teamsTeams togetherTeam positionsShared explorationLock speedFull tech treeHidden civsTurbo modeCheats
Victory
Defeat
🇨🇳 Persians · China
1384
+14
🇨🇳 Bohemians · China
1369
+14
🇨🇳 Dravidians · China
1358
+15
🇦🇺 Koreans · Australia
1320
+16
🇬🇧 Shu · United Kingdom
1403
-18
🇺🇸 Bohemians · United States
1316
-14
🇷🇺 Persians · Russia
1301
-14
🇨🇳 Mongols · China
1288
-13
淡漠秋风
7:22 Loom
7:26 Loom
10:03 Feudal Age
14:00 Castle Age
13:26 Double-Bit Axe
22:42 Wheelbarrow
22:34 Horse Collar
24:49 Bow Saw
25:29 Heavy Plow
26:59 Hand Cart
27:02 Fishing Lines
27:36 Gold Mining
27:44 Gillnets
31:50 Imperial Age
29:32 Forging
29:27 Scale Barding Armor
29:23 Stone Mining
30:12 Gold Shaft Mining
30:50 Iron Casting
31:42 Chain Barding Armor
32:12 Stone Shaft Mining
32:13 Husbandry
33:33 Blast Furnace
33:06 Conscription
33:02 Bloodlines
33:53 Plate Barding Armor
33:37 Elite War Elephant
35:06 Caravan
39:16 Coinage
41:18 Banking
41:34 Guard Tower
41:51 Devotion
41:49 Murder Holes
42:18 Light Cavalry
45:40 Fletching
52:27 Two-Man Saw
Sunny
1:01 Loom
12:28 Feudal Age
13:31 Double-Bit Axe
16:31 Castle Age
17:33 Bow Saw
19:57 Horse Collar
23:36 Wheelbarrow
30:13 Imperial Age
29:08 Chemistry
27:50 Treadmill Crane
28:27 Squires
29:13 Forging
29:03 Scale Mail Armor
29:34 Wagenburg Tactics
29:36 Guard Tower
31:07 Iron Casting
30:47 Onager
32:59 Two-Man Saw
32:32 Hand Cart
32:05 Pikeman
33:48 Blast Furnace
33:03 Chain Mail Armor
33:41 Houfnice
35:12 Chain Mail Armor
34:20 Halberdier
39:08 Keep
38:28 Fletching
40:19 Arrowslits
40:55 Ballistics
40:31 Murder Holes
40:35 Bodkin Arrow
47:59 Arson
49:07 Caravan
JTownThunder
1:11 Loom
2:40 Loom
12:51 Feudal Age
16:50 Castle Age
14:42 Double-Bit Axe
18:21 Bow Saw
20:19 Horse Collar
23:02 Heavy Plow
24:03 Wheelbarrow
25:25 Gold Mining
25:26 Stone Mining
26:44 Town Watch
27:17 Scale Mail Armor
28:30 Hand Cart
28:48 Masonry
31:41 Imperial Age
28:55 Treadmill Crane
29:50 Squires
30:04 Caravan
30:04 Fletching
30:20 Eupseong
30:40 Bodkin Arrow
31:19 Fortified Wall
31:56 Gold Shaft Mining
33:32 Chemistry
33:36 Siege Engineers
33:56 Shinkichon
34:04 Chain Mail Armor
33:54 Heavy Rocket Cart
35:20 Plate Mail Armor
35:41 Bracer
38:36 Forging
38:16 Gambesons
39:46 Pikeman
45:10 Iron Casting
46:39 Halberdier
蔡鳥
12:21 Feudal Age
13:50 Double-Bit Axe
16:43 Castle Age
19:15 Bow Saw
18:56 Horse Collar
21:32 Fishing Lines
21:56 Gold Mining
25:12 Wheelbarrow
24:58 Gillnets
25:43 Masonry
30:25 Imperial Age
28:14 Hand Cart
29:01 Ballistics
29:08 Fletching
29:19 Padded Archer Armor
30:37 Thumb Ring
31:07 Bodkin Arrow
31:28 Leather Archer Armor
32:22 Chemistry
32:49 Two-Man Saw
32:28 Medical Corps
32:04 Elite Elephant Archer
33:15 Heavy Plow
33:59 Bracer
35:13 Ring Archer Armor
40:03 Caravan
41:59 Husbandry
41:19 Light Cavalry
43:14 Elite Skirmisher
44:24 Forging
44:21 Scale Barding Armor
46:58 Iron Casting
47:03 Squires
46:24 Pikeman
47:09 Scale Mail Armor
49:18 Wootz Steel
49:23 Halberdier
51:16 Blast Furnace
50:32 Chain Mail Armor
TPE-床上小旋風
4:44 Loom
11:45 Feudal Age
13:32 Double-Bit Axe
15:50 Castle Age
15:18 Fishing Lines
17:03 Wheelbarrow
16:23 Gillnets
19:13 Gold Mining
20:32 Bow Saw
21:12 Horse Collar
23:30 Hand Cart
23:25 Heavy Plow
23:59 Stone Mining
25:14 Gold Shaft Mining
26:43 Stone Shaft Mining
30:47 Imperial Age
28:30 Forging
28:25 Scale Barding Armor
29:06 Thumb Ring
28:21 Crossbowman
29:50 Caravan
30:21 Coinage
30:26 Elite War Elephant
31:38 Chain Barding Armor
31:53 Iron Casting
31:53 Crop Rotation
32:40 Two-Man Saw
32:40 Banking
33:09 Conscription
33:36 Citadels
33:30 Kamandaran
33:49 Guilds
35:40 Blast Furnace
34:51 Town Watch
36:08 Chemistry
35:29 Ballistics
35:04 Fletching
36:01 Plate Barding Armor
35:36 Pikeman
36:16 Squires
36:03 Gambesons
36:34 Scale Mail Armor
36:10 Halberdier
36:35 Light Cavalry
37:27 Bloodlines
37:18 Husbandry
37:19 Arson
39:03 Chain Mail Armor
44:33 Onager
45:24 Cavalier
45:34 Hussar
47:11 Padded Archer Armor
47:06 Bodkin Arrow
47:41 Plate Mail Armor
49:30 Leather Archer Armor
ruanameyer
1:15 Loom
11:33 Feudal Age
12:46 Double-Bit Axe
12:52 Horse Collar
15:13 Castle Age
16:27 Bow Saw
16:28 Heavy Plow
22:25 Wheelbarrow
24:22 Hand Cart
30:49 Imperial Age
31:19 Chemistry
30:00 Treadmill Crane
30:30 Masonry
30:41 Ballistics
30:34 Forging
30:25 Scale Mail Armor
31:01 Fletching
32:31 Iron Casting
32:11 Chain Mail Armor
32:05 Siege Engineers
32:23 Conscription
31:52 Houfnice
33:51 Wagenburg Tactics
34:20 Architecture
34:04 Squires
34:02 Pikeman
34:28 Arson
35:00 Halberdier
36:43 Blast Furnace
40:38 Plate Mail Armor
916036581
0:41 Loom
11:24 Feudal Age
15:12 Castle Age
14:13 Double-Bit Axe
16:11 Bow Saw
15:42 Horse Collar
25:17 Heavy Plow
29:43 Imperial Age
29:36 Gold Mining
30:05 Padded Archer Armor
29:55 Fletching
31:09 Conscription
30:10 Onager
31:22 Husbandry
31:32 Bloodlines
32:01 Wheelbarrow
31:12 Town Watch
32:31 Drill
32:52 Caravan
33:23 Coinage
33:37 Siege Engineers
34:14 Gold Shaft Mining
35:40 Chemistry
35:23 Leather Archer Armor
35:04 Bodkin Arrow
37:05 Light Cavalry
37:50 Bracer
37:56 Scale Barding Armor
41:28 Chain Barding Armor
41:19 Forging
41:40 Siege Onager
Vetinari
1:06 Loom
12:48 Feudal Age
16:37 Castle Age
14:43 Fishing Lines
15:34 Double-Bit Axe
16:19 Fletching
16:27 Gold Mining
18:56 Horse Collar
21:41 Town Watch
22:52 Wheelbarrow
23:47 Gillnets
26:10 Bow Saw
26:31 Heavy Plow
30:20 Imperial Age
27:39 Crossbowman
28:25 Thumb Ring
28:22 Padded Archer Armor
29:11 Hand Cart
29:44 Gold Shaft Mining
30:31 Arbalester
31:10 Bodkin Arrow
31:30 Leather Archer Armor
31:47 Conscription
32:04 Bolt Magazine
32:55 Bracer
33:26 Ring Archer Armor
34:25 Stone Mining
34:59 Scale Mail Armor
35:10 Forging
36:42 Chain Mail Armor
39:17 Ballistics
39:57 Chemistry
40:01 Coiled Serpent Array
41:40 Caravan
43:05 Elite White Feather Guard
47:31 Masonry
Connection lost

Rejoining the realm…

Still unreachable

The connection could not be restored.

Session expired

The server has moved on; the page needs a fresh start.